 Dungeon Crawl Stone Soup version 0.25-a0-1079-g858b6a6ff6 (webtiles) character file.

Game seed: 5529647102719090035, levelgen mode: classic

62 Amnesiac the Skirmisher (level 3, 0/33 HPs)
             Began as a Deep Elf Fighter on May 15, 2020.
             Succumbed to an adder's poison
             ... on level 2 of the Dungeon.
             The game lasted 00:02:22 (1332 turns).

Amnesiac the Skirmisher (Deep Elf Fighter)          Turns: 1332, Time: 00:02:22

Health: 0/33       AC:  9    Str: 20    XL:     3   Next: 85%
Magic:  5/5        EV:  8    Int: 12    God:
Gold:   88         SH:  9    Dex: 14    Spells: 2/2 levels left

rFire    + . .     SeeInvis .   a - +0 war axe
rCold    + . .     Gourm    .   c - +0 kite shield
rNeg     . . .     Faith    .   i - +0 scale mail
rPois    +         Spirit   .   h - +0 helmet
rElec    +         Reflect  .   (no cloak)
rCorr    +         Harm     .   (no gloves)
MR       .....     Rnd*Rage +   (no boots)
Stlth    ..........             (no amulet)
HPRegen  0.11/turn              o - +6 ring of strength
MPRegen  0.09/turn              (no ring)

@: berserking (expiring), lethally poisoned (0 -> -5), resistant, very quick
A: thin metallic scales 1, berserk 1, blurry vision 1, poison resistance
a: no special abilities


You were on level 2 of the Dungeon.
You were not hungry.

You visited 1 branch of the dungeon, and saw 3 of its levels.

You collected 88 gold pieces.

Inventory:

Hand Weapons
 a - a +0 war axe (weapon)
 b - a +0 hunting sling
Missiles
 r - 20 arrows
Armour
 c - a +0 kite shield (worn)
 h - a +0 helmet (worn)
 i - a +0 scale mail (worn)
Jewellery
 o - a +6 ring of strength (left hand)
Scrolls
 e - 3 scrolls of enchant armour {!r, unknown}
 g - 2 scrolls of identify {!r, unknown}
 l - a scroll of enchant weapon {!r, unknown}
 m - a scroll of teleportation {!r, unknown}
 t - a scroll of remove curse {!r, unknown}
Potions
 d - a potion of might {!q}
 p - a potion of resistance {!q}
 q - a potion of mutation {!q}
 s - a potion of heal wounds {!q, unknown}
Comestibles
 f - 5 rations
 j - 8 chunks of flesh


   Skills:
 + Level 2.9 Fighting
 - Level 2.0 Axes
 + Level 2.9 Armour
 + Level 2.1 Dodging
 - Level 2.4 Shields


You had 2 spell levels left.
You didn't know any spells.
Your spell library was empty.

Dungeon Overview and Level Annotations

Branches:
Dungeon (3/15)

Altars:


Innate Abilities, Weirdness & Mutations

You are partially covered in thin metallic scales. (AC +2)
You tend to lose your temper in combat.
Scrolls take you a little longer to read.
Your system is resistant to poisons. (rPois)


Message History

You block the adder's attack. The adder bites you.
You closely miss the adder. The adder bites you.
You are poisoned.
The adder poisons you! The adder barely misses you.
You slash the adder!
The adder is severely wounded.
You feel sick. The adder bites you.
You are more poisoned.
The adder poisons you! You block the adder's attack. x2
You hit the adder.
The adder is almost dead.
You miss the adder.
You feel sick. You block the adder's attack. The adder bites you.
* * * LOW HITPOINT WARNING * * *
You are lethally poisoned!
The adder poisons you! The adder bites you.
* * * LOW HITPOINT WARNING * * *
You block the adder's attack.
You hit the adder.
You kill the adder!
You barely miss the adder.
* * * LOW HITPOINT WARNING * * *
You feel sick. The adder barely misses you. You block the adder's attack.
You hit the adder.
The adder is heavily wounded.
* * * LOW HITPOINT WARNING * * *
You feel sick. The adder bites you but does no damage.
You block the adder's attack.
You barely miss the adder.
The adder is heavily wounded.
* * * LOW HITPOINT WARNING * * *
You feel sick. You block the adder's attack. The adder barely misses you.
Unknown command.
You slash the adder!
You kill the adder!
Your Dodging skill increases to level 2!
* * * LOW HITPOINT WARNING * * *
You feel sick.
Unknown command.
Okay, then.
* * * LOW HITPOINT WARNING * * *
You feel sick.
* * * LOW HITPOINT WARNING * * *
You feel sick.
Really quaff
p - 2 puce potions {!q}?
It was a potion of resistance {!q}.
You feel protected.
Really quaff
q - 2 fizzy silvery potions {!q}?
It was a potion of mutation {!q}.
You feel extremely strange.
Thin metallic scales grow over part of your body.
Your vision blurs.
You feel a little pissed off.
You feel resistant to poisons.
* * * LOW HITPOINT WARNING * * *
You feel sick.
Really quaff
k - a fizzy green potion {!q}?
It was a potion of magic {!q}.
Magic courses through your body.
Really quaff
n - a fuming emerald potion {!q}?
It was a potion of berserk rage {!q}.
A red film seems to cover your vision as you go berserk!
You feel yourself moving faster!
You feel mighty!
* * * LOW HITPOINT WARNING * * *
You feel sick.
You are too berserk!
You feel a strong urge to attack something.
You die...

.. #.#...?. ...
#...... .... #.....
. ..... #....# ...
.#.#######....###..#
................#
#.......###...... ##
#. #.......# .##.#.
...#.# #....@..# .#
.# #.#.###.......#
.. ..
#.............# #.
#. #
#....##.......##
##.##. . ...
#..............#
.....##.
....#..........##.##
#.....
........)......####
#)#.##
..##..รท.........
#?.... #.##....#####
######


There were no monsters in sight!

Vanquished Creatures
  3 adders (D:2)
  An ooze (D:1)
  2 worms (D:2)
  A dart slug (D:3)
  A leopard gecko (D:2)
  2 giant cockroaches
  4 goblins
  3 hobgoblins
  A quokka (D:2)
  2 bats
  A frilled lizard (D:1)
  3 rats (D:1)
24 creatures vanquished.

Notes
Turn   | Place    | Note
-------+----------+-------------------------------------------
     0 | D:1      | Amnesiac the Deep Elf Fighter began the quest for the Orb.
     0 | D:1      | Reached XP level 1. HP: 13/13 MP: 3/3
   334 | D:1      | Reached XP level 2. HP: 18/18 MP: 4/4
   704 | D:2      | Reached skill level 1 in Dodging
   956 | D:2      | Reached XP level 3. HP: 10/22 MP: 5/5
  1328 | D:2      | Gained mutation: You are partially covered in thin metallic
                  | scales. (AC +2) [potion of mutation]
  1328 | D:2      | Gained mutation: Scrolls take you a little longer to read.
                  | [potion of mutation]
  1328 | D:2      | Gained mutation: You tend to lose your temper in combat.
                  | [potion of mutation]
  1328 | D:2      | Gained mutation: Your system is resistant to poisons.
                  | (rPois) [potion of mutation]
  1328 | D:2      | HP: 1/22 [poisoned by an adder]
  1332 | D:2      | Succumbed to an adder's poison

Illustrated notes

Levels and vault maps discovered:
D:1:      doesnt_arrival_eight_statues, layout_basic
D:2:      layout_basic, hangedman_decor_clover_reticule
D:3:      layout_basic

Skill      XL: |  1  2  3 |
---------------+----------+-----
Axes           | 2 |  2.0
Dodging        | 1 2 |  2.1
Fighting       | |  2.9
Armour         | |  2.9
Shields        | |  2.4

Action                   || total
-------------------------++-------
Melee: War axe           ||    88
  Use: Potion            ||     4
  Eat: Chunk             ||     1
Armor: Scale mail        ||    32
Dodge: Dodged            ||    22
Block: Kite shield       ||    42

Table legend:
 A = Non-vault XP
 B = Vault XP
 C = Vault XP percentage of total XP
 D = Non-vault monster count
 E = Vault monster count
 F = Vault count percentage of total count
                 A         B        C        D         E       F
            +---------+---------+-------+---------+---------+-------
      Total |      89 |       0 |   0.0 |      24 |       0 |   0.0
            +---------+---------+-------+---------+---------+-------
        D:1 |      21 |       0 |   0.0 |      11 |       0 |   0.0
        D:2 |      62 |       0 |   0.0 |      11 |       0 |   0.0
        D:3 |       6 |       0 |   0.0 |       2 |       0 |   0.0
            +---------+---------+-------+---------+---------+-------
